 Dungeon Crawl Stone Soup version 0.31-a0-859-g9dce7d3444 (webtiles) character file.

Game seed: 9477525907167915303

72 Newt the Changeling (level 4, -1/52 HPs)
             Began as a Draconian Shapeshifter on Oct 9, 2023.
             Slain by a gnoll
             ... wielding a +0 flail
              (7 damage)
             ... on level 2 of the Dungeon.
             The game lasted 00:01:37 (1020 turns).

Newt the Changeling (Draconian Shapeshifter)        Turns: 1020, Time: 00:01:37

Health: -1/52      AC: 22    Str: 19    XL:     4   Next: 6%
Magic:  4/4        EV:  2    Int: 10    God:
Gold:   29         SH:  0    Dex: 10    Spells: 3/3 levels left

rFire   . . .        h - +2 sling (drain)
rCold   . . .        (no shield)
rNeg    . . .        (body armour unavailable)
rPois   +            (helmet currently unavailable)
rElec   .            (cloak currently unavailable)
rCorr   .            (gloves currently unavailable)
SInv    .            (boots currently unavailable)
Will    .....        (no amulet)
Stlth   +            e - ring of wizardry
HPRegen 0.28/turn    (no ring)
MPRegen 0.09/turn

%: wizardry (x1)
@: tree-form
A: stationary, stasis, torment immunity, boosted hp, AC +5, unfitting armour,
(cold-blooded)
a: no special abilities


You were on level 2 of the Dungeon.
You were a tree.
You visited 1 branch of the dungeon, and saw 2 of its levels.

You collected 29 gold pieces.

Inventory:

Hand Weapons
 h - a +2 sling of draining (weapon)
Armour
 f - a scarf of invisibility
Jewellery
 e - a ring of wizardry (left branch)
Talismans
 b - a beast talisman
 c - a flux talisman
Scrolls
 d - a scroll of identify {unknown}
Potions
 g - a potion of brilliance {unknown}
 i - a potion of enlightenment {unknown}


   Skills:
 - Level 1.1 Fighting
 - Level 1.7 Dodging
 - Level 3.0 Unarmed Combat
 + Level 4.7 Shapeshifting


You had 3 spell levels left.
You didn't know any spells.
Your spell library was empty.

Dungeon Overview and Level Annotations

Branches:
Dungeon (2/15)

Altars:


Innate Abilities, Weirdness & Mutations

You are a tree.
Your roots penetrate the ground, keeping you stationary.
You cannot be teleported.
You are immune to unholy pain and torment.
Your maximum health is greatly increased.
Your equipment is partially melded.
((Your plain brown scales are hard. (AC +5)))
You cannot fit into any form of body armour.
((You are cold-blooded and may be slowed by cold attacks.))


Message History

Unknown command.
You shoot a sling bullet. The sling bullet hits the gnoll!
You kill the gnoll!
An adder comes into view.
The gnoll closely misses you.
Unknown command.
Your transformation has ended.
You turn into a tree.
Your roots penetrate the ground.
The gnoll hits you but does no damage.
Unknown command.
You shoot a sling bullet. The sling bullet hits the gnoll!
You drain the gnoll.
The gnoll is almost dead.
The adder bites you but does no damage. The gnoll hits you but does no damage.
The adder barely misses you.
You shoot a sling bullet.
The sling bullet barely misses the gnoll.
The sling bullet hits the gnoll but does no damage.
You drain the gnoll.
The gnoll is moderately wounded.
The gnoll hits you but does no damage. The adder bites you.
* * * LOW HITPOINT WARNING * * *
You shoot a sling bullet. The sling bullet hits the gnoll.
You kill the gnoll!
The adder bites you but does no damage. x2
The gnoll hits you but does no damage.
You have reached level 4!
You feel stronger.
You shoot a sling bullet.
The sling bullet barely misses the gnoll.
The adder bites you but does no damage. The gnoll hits you but does no damage.
The adder bites you but does no damage.
Unknown command.
You shoot a sling bullet.
The sling bullet barely misses the gnoll.
The adder completely misses you. The gnoll hits you with a +0 flail.
* * * LOW HITPOINT WARNING * * *
The adder bites you.
* * * LOW HITPOINT WARNING * * *
The gnoll hits you with a +0 flail!
You die...

#.# ..# #.# #.# #.#
#.# #.# ###.## #.# .
...... ##.# .. ..##.#
##..# ...######
#S##..#####...#
#..g..# #♣#
...##.#..# ..#.....#
#g# #.#..#..#
#.......####)#
#..#.#..#
##......gg...#
##.##.#..#
####..#.g)..#
##.##..#..#
##.#.##.##
#.######.##
##...##'####.#.|##.##
..........##.#.##.##
#.###......##.#)#..#


You could see a gnoll (very drained) and an adder.

Vanquished Creatures
  3 gnolls (D:2)
  A worm (D:2)
  2 dart slugs (D:1)
  6 endoplasms (D:1)
  4 goblins
  A hobgoblin (D:1)
  7 jackals (D:1)
  2 kobolds (D:1)
  2 quokkas
  A ball python (D:2)
  A bat (D:1)
  4 rats
34 creatures vanquished.

Notes
Turn   | Place    | Note
-------+----------+-------------------------------------------
     0 | D:1      | Newt the Draconian Shapeshifter began the quest for the
                  | Orb.
     0 | D:1      | Reached XP level 1. HP: 16/16 MP: 1/1
   134 | D:1      | Reached XP level 2. HP: 3/23 MP: 2/2
   783 | D:1      | Reached skill level 4 in Shapeshifting
   800 | D:1      | Reached XP level 3. HP: 13/28 MP: 3/3
   874 | D:1      | You fall into a shaft and drop 1 floor!
  1019 | D:2      | Reached XP level 4. HP: 10/35 MP: 4/4
  1020 | D:2      | Slain by a gnoll

Illustrated notes

Levels and vault maps discovered:
D:1:      dpeg_arrival_circle_labyrinth_c, layout_basic
D:2:      layout_basic, basic_altar, minmay_cut_off

Skill      XL: |  1  2 |
---------------+-------+-----
Shapeshifting  | 4 |  4.7
Fighting       | |  1.1
Dodging        | |  1.7
Unarmed Combat | |  3.0

Action                     |  1- 3 |  4- 6 || total
---------------------------+-------+-------++-------
  Melee: Unarmed           |   109 |       ||   109
         Tailslap          |    18 |       ||    18
   Fire: Sling             |     6 |     2 ||     8
    Use: Potion            |     1 |       ||     1
 Armour: Skin              |    92 |     6 ||    98
  Dodge: Dodged            |    93 |     1 ||    94
   Form: Flux              |     1 |       ||     1
         Beast             |     1 |       ||     1

Table legend: (Time is in decaauts)
 A = Elapsed time spent in this place.
 B = Non-inter-level travel time spent in this place.
 C = Inter-level travel time spent in this place.
 D = Time resting spent in this place.
 E = Time spent auto-exploring this place.
 F = Levels seen in this place.
 G = Mean time per level.
                   A        B        C        D        E       F      G
               +--------+--------+--------+--------+--------+-----+--------+
         Total |   1023 |    955 |     68 |    203 |    524 |   2 |  511.5 |
       Dungeon |   1023 |    955 |     68 |    203 |    524 |   2 |  511.5 |
               +--------+--------+--------+--------+--------+-----+--------+

Top non-repeatable levels by time:
     D:1: 877 daAuts
     D:2: 146 daAuts
